Map: [ESL] Hecate

Players

GunGFuBanDa

  • Race: Protoss Protoss
  • Spawn Location: 7:00

Spirit - Winner!

  • Race: Terran Terran
  • Spawn Location: 1:00

Event: ESL SC2 Masters 2023 Winter (Regional)

VOD

Have the link to the VOD?

Description

Time

  • Played on: Nov. 9, 2023, 10:34 a.m.
  • Length: 14:17

All games in this series

Show
View Real Time Build Order
Export as new Build Order

GunGFuBanDa Protoss 

Build Orders: Blink Stalkers, Colossus Rush 

Get SALT Encoding   

  12  0:00  Probe  
  13  0:12  Probe  
  14  0:16  Pylon  
  14  0:24  Probe (Chrono Boost)  
  16  0:36  Gateway, Probe (Chrono Boost)  
  16  0:42  Probe (Chrono Boost)  
  16  0:45  Assimilator  
  17  0:50  Probe  
  18  1:03  Probe  
  19  1:15  Probe (Chrono Boost)  
  20  1:22  Pylon  
  21  1:26  Probe (Chrono Boost)  
  21  1:27  Cybernetics Core  
  21  1:34  Probe (Chrono Boost)  
  22  1:46  Probe  
  23  1:58  Probe  
  23  1:59  Nexus  
  24  2:04  Adept (Chrono Boost)  
  24  2:08  Warp Gate  
  26  2:13  Assimilator  
  26  2:16  Probe  
  27  2:26  Stalker  
  27  2:29  Probe  
  30  2:33  Pylon  
  30  2:41  Probe  
  31  2:53  Twilight Council, Probe  
  31  2:57  Stalker  
  34  3:07  Probe (Chrono Boost)  
  34  3:11  Probe (Chrono Boost)  
  36  3:19  Probe (Chrono Boost)  
  38  3:21  Probe (Chrono Boost)  
  38  3:25  Probe (Chrono Boost)  
  39  3:27  Probe (Chrono Boost)  
  39  3:30  Blink  
  39  3:32  Probe  
  41  3:37  Shield Battery  
  41  3:38  Probe  
  41  3:44  Probe  
  42  3:48  Gateway  
  42  3:50  Probe  
  43  3:59  Stalker  
  43  4:06  Probe (Chrono Boost)  
  43  4:07  Probe (Chrono Boost)  
  44  4:10  Robotics Facility  
  44  4:19  Probe x2 (Chrono Boost)  
  44  4:22  Sentry  
  48  4:25  Nexus  
  48  4:28  Probe (Chrono Boost)  
  48  4:29  Probe (Chrono Boost)  
  48  4:31  Pylon  
  50  4:40  Probe  
  50  4:43  Probe  
  52  4:47  Pylon  
  52  4:51  Assimilator  
  52  4:52  Probe  
  53  4:54  Stalker x2  
  53  4:55  Probe  
  53  4:57  Observer  
  59  5:04  Probe  
  60  5:07  Robotics Bay, Probe  
  60  5:09  Assimilator  
  59  5:16  Probe  
  59  5:20  Probe  
  58  5:25  Observer  
  58  5:28  Probe  
  58  5:33  Shield Battery, Probe  
  60  5:37  Probe (Chrono Boost)  
  62  5:43  Probe (Chrono Boost)  
  62  5:47  Zealot x2  
  62  5:49  Probe x2 (Chrono Boost)  
  68  5:53  Colossus (Chrono Boost)  
  74  5:57  Probe x2 (Chrono Boost)  
  74  5:59  Forge, Probe (Chrono Boost)  
  74  6:03  Probe  
  75  6:05  Probe  
  75  6:09  Probe  
  78  6:12  Charge  
  78  6:15  Probe  
  78  6:17  Probe  
  78  6:18  Sentry  
  82  6:20  Pylon  
  82  6:21  Probe  
  82  6:25  Gateway  
  83  6:27  Gateway  
  83  6:29  Probe  
  83  6:30  Pylon  
  84  6:34  Pylon  
  84  6:39  Colossus (Chrono Boost)  
  84  6:42  Protoss Ground Weapons Level 1 (Chrono Boost)  
  84  6:45  Pylon  
  90  6:54  Zealot x2  
  90  6:59  Gateway  
  94  7:01  Extended Thermal Lance  
  94  7:02  Gateway  
  94  7:04  Probe x2  
  96  7:14  Pylon  
  96  7:17  Zealot, Stalker  
  100  7:25  Gateway  
  100  7:27  Gateway  
  100  7:29  Pylon  
  80  7:38  Zealot x3  
  80  7:40  Colossus (Chrono Boost)  
  72  7:47  Zealot  
  80  7:57  Stalker  
  80  7:58  Observer, Stalker  
  84  7:59  Stalker x2  
  84  8:00  Zealot  
  89  8:18  Nexus, Colossus (Chrono Boost)  
  89  8:20  Zealot, Pylon  
  89  8:21  Zealot x3  
  103  8:29  Observer  
  103  8:33  Protoss Ground Weapons Level 2 (Chrono Boost)  
  103  8:38  Probe x2  
  103  8:39  Sentry  
  107  8:51  Probe  
  107  8:53  Shield Battery  
  108  8:57  Probe  
  109  9:04  Pylon, Probe  
  109  9:05  Disruptor (Chrono Boost)  
  109  9:07  Pylon  
  109  9:09  Templar Archives  
  114  9:21  Probe x2  
  116  9:24  Photon Cannon  
  116  9:28  Pylon  
  116  9:29  Stalker x3  
  116  9:30  Zealot x2  
  124  9:38  Disruptor (Chrono Boost)  
  127  9:49  Zealot x3  
  117  10:08  Zealot x5  
  117  10:10  Probe  
  117  10:12  Observer (Chrono Boost)  
  117  10:13  Photon Cannon  
  127  10:21  Nexus  
  127  10:31  Zealot x7  
  106  10:47  Probe  
  106  10:48  Zealot x8  
  111  10:57  Probe  
  111  11:00  Pylon  
  110  11:09  Nexus  
  110  11:13  Sentry, High Templar x3  
  110  11:14  High Templar x3, Zealot  
  110  11:15  Disruptor (Chrono Boost)  
  110  11:18  Archon x2, Protoss Ground Armor Level 1 (Chrono Boost)  
  129  11:19  Archon  
  129  11:25  Probe  
  130  11:28  Shield Battery  
  128  11:33  Observer  
  128  11:38  Zealot x2  
  132  11:44  Pylon, Forge  
  132  11:52  Assimilator  
  132  11:53  Disruptor  
  136  12:04  Robotics Facility  
  136  12:11  Photon Cannon  
  136  12:12  Pylon  
  132  12:26  Shield Battery  
  132  12:27  Zealot x4  
  132  12:28  Zealot x2  
  144  12:40  Photon Cannon  
  144  12:41  Pylon  
  141  12:59  Zealot x4  
  141  13:00  Zealot x4  
  141  13:16  Pylon  
  103  13:29  Stalker x5  
  103  13:34  Probe  
  98  13:36  Pylon  
  98  13:37  Pylon  
  98  13:38  Pylon  
  80  13:53  Zealot x2  
  80  13:54  Zealot x3  
Show
View Real Time Build Order
Export as new Build Order

Spirit Terran - Winner!

Build Orders: Banshee Rush 

Get SALT Encoding   

  12  0:00  SCV  
  13  0:12  SCV  
  14  0:17  Supply Depot  
  14  0:24  SCV  
  15  0:38  SCV  
  15  0:40  Barracks  
  16  0:50  SCV  
  16  0:52  Refinery  
  17  1:02  SCV  
  18  1:05  Engineering Bay  
  18  1:14  SCV  
  19  1:27  Marine  
  19  1:28  Orbital Command  
  20  1:47  Barracks Reactor  
  20  1:58  Command Center  
  20  1:59  SCV  
  21  2:05  Supply Depot  
  21  2:11  SCV  
  21  2:13  Factory  
  22  2:20  Refinery  
  22  2:23  SCV  
  22  2:27  Marine x2  
  25  2:35  SCV  
  26  2:44  Marine  
  26  2:45  Marine  
  26  2:47  SCV  
  29  2:58  Starport  
  29  2:59  SCV  
  30  3:10  Orbital Command, Hellion x2  
  34  3:15  SCV  
  34  3:17  Barracks Tech Lab  
  35  3:24  Supply Depot  
  35  3:29  SCV  
  36  3:38  SCV  
  36  3:41  SCV  
  38  3:42  Cloaking Field  
  38  3:43  Banshee  
  38  3:46  Factory Tech Lab  
  41  3:49  Supply Depot  
  41  3:52  SCV  
  41  3:55  SCV  
  43  3:57  Marine  
  43  4:02  Marine  
  40  4:04  SCV  
  40  4:07  Bunker, SCV  
  40  4:08  Siege Tank  
  41  4:15  Marine  
  41  4:16  SCV  
  43  4:19  SCV  
  43  4:20  Marine  
  43  4:22  Barracks  
  45  4:24  Barracks  
  45  4:28  SCV  
  45  4:29  Banshee  
  49  4:33  Marine  
  49  4:34  SCV  
  51  4:40  SCV  
  51  4:41  Siege Tank  
  51  4:44  Supply Depot  
  55  4:46  SCV  
  55  4:48  Marine  
  55  4:52  SCV  
  58  4:54  Engineering Bay  
  58  4:57  Marine, Refinery  
  58  4:59  SCV  
  60  5:04  SCV  
  60  5:06  Supply Depot  
  61  5:08  Marine  
  61  5:11  SCV  
  61  5:12  Barracks Tech Lab  
  63  5:16  SCV  
  64  5:23  SCV  
  64  5:28  Terran Infantry Weapons Level 1  
  65  5:29  Marine x2, SCV, Refinery  
  65  5:31  Combat Shield, Factory Reactor  
  65  5:32  Marauder  
  65  5:35  SCV  
  71  5:40  Supply Depot, Marauder  
  71  5:41  Supply Depot, SCV  
  74  5:46  Marine  
  74  5:47  Stimpack  
  74  5:48  SCV  
  76  5:53  SCV  
  76  5:54  Starport Reactor  
  77  6:00  SCV  
  77  6:01  Marine  
  77  6:02  Marauder  
  81  6:05  Marauder  
  81  6:06  Command Center, Marine  
  84  6:14  Supply Depot x2  
  84  6:17  Widow Mine x2  
  88  6:19  Marine  
  88  6:22  SCV x2  
  91  6:28  Marine  
  91  6:29  Marauder  
  94  6:35  Medivac x2  
  94  6:36  Marauder  
  94  6:37  Marine  
  94  6:39  Supply Depot, SCV  
  102  6:41  Supply Depot  
  102  6:43  Widow Mine  
  102  6:44  SCV, Widow Mine  
  107  6:50  Marauder  
  107  6:51  SCV  
  110  7:00  SCV, Marine x2  
  110  7:01  Marauder  
  115  7:05  Medivac x2  
  115  7:07  Supply Depot x2  
  119  7:11  Marauder  
  121  7:17  Barracks  
  121  7:18  Barracks  
  121  7:21  SCV x2  
  121  7:22  Marine  
  124  7:33  SCV x2  
  120  7:39  Marine  
  120  7:41  Marine  
  120  7:44  Marauder x2  
  114  7:45  Orbital Command, SCV  
  114  7:47  SCV  
  114  7:49  Medivac  
  114  7:50  Medivac  
  114  7:51  Terran Infantry Armor Level 1, Widow Mine x2  
  123  7:57  SCV, Marine  
  125  7:58  Marine  
  125  7:59  SCV  
  125  8:05  Marauder, Missile Turret, Marine  
  130  8:06  Ghost Academy  
  130  8:08  Barracks Reactor  
  130  8:09  SCV  
  130  8:12  SCV  
  123  8:13  Widow Mine x2  
  123  8:14  Missile Turret  
  123  8:15  Marine  
  123  8:19  Medivac  
  130  8:20  Sensor Tower, Refinery  
  130  8:21  Marine, Refinery  
  130  8:23  Medivac  
  133  8:28  SCV  
  133  8:31  Marine  
  133  8:33  Marine  
  135  8:36  Ghost  
  135  8:37  Marine  
  135  8:39  SCV, Marine  
  138  8:42  Supply Depot x2  
  138  8:45  Widow Mine x2  
  139  8:48  Marine  
  139  8:49  Ghost, Marine  
  139  8:50  Marine  
  139  8:54  Command Center  
  139  8:55  Marine  
  145  8:59  Marine  
  145  9:00  Viking  
  148  9:04  Viking  
  148  9:05  Ghost, Supply Depot  
  148  9:06  Supply Depot  
  152  9:14  Engineering Bay  
  152  9:15  Armory  
  152  9:18  Ghost  
  152  9:20  Marine  
  152  9:22  SCV  
  152  9:23  SCV x2  
  158  9:30  Supply Depot  
  150  9:31  Supply Depot, Marine x2  
  150  9:32  Marauder  
  150  9:34  SCV  
  150  9:35  SCV  
  150  9:36  SCV  
  150  9:37  Marine  
  150  9:38  Marauder  
  156  9:47  Ghost, SCV x2  
  156  9:49  Viking  
  156  9:52  Ghost, SCV  
  161  9:59  SCV  
  154  10:00  SCV  
  154  10:02  Viking  
  154  10:04  Marauder, Marine  
  154  10:06  Marine, Starport  
  159  10:08  Planetary Fortress  
  159  10:13  Missile Turret  
  159  10:16  Marine x2  
  159  10:17  Marauder  
  159  10:19  Viking  
  163  10:22  Marauder, Marine  
  163  10:26  Marauder  
  168  10:30  Marine  
  168  10:33  Marine  
  168  10:34  Marine  
  169  10:38  Marauder  
  169  10:40  Marine  
  159  10:43  Marauder  
  159  10:46  Viking  
  159  10:47  Marine  
  159  10:49  Viking  
  145  10:59  Starport Reactor  
  145  11:02  Barracks  
  148  11:04  Barracks  
  148  11:05  Barracks  
  148  11:06  Ghost x3  
  148  11:07  Marine x3  
  145  11:12  Refinery  
  145  11:13  Marine, Refinery  
  145  11:14  Command Center  
  146  11:23  SCV x2  
  146  11:25  Marine x3  
  151  11:26  Widow Mine x2  
  151  11:30  Marine  
  156  11:36  Terran Infantry Weapons Level 2, Marauder x3  
  160  11:42  Marine  
  160  11:43  Marine x2  
  163  11:48  Viking x3, Missile Turret x2, Marine  
  163  11:53  Viking, Barracks Tech Lab  
  172  11:55  Barracks Tech Lab  
  172  11:56  Ghost  
  172  11:57  Marauder x2, Concussive Shells  
  178  12:03  Barracks Tech Lab  
  178  12:09  Sensor Tower  
  178  12:14  Marauder x2  
  181  12:15  Marine x2  
  181  12:16  Marine x2  
  181  12:18  Marauder  
  181  12:19  Marauder  
  191  12:22  Marauder  
  191  12:25  Marauder  
  193  12:33  Marine x3  
  193  12:35  Marauder x2  
  200  12:40  Fusion Core  
  200  12:51  Missile Turret  
  200  12:56  Marine  
  200  12:57  Marine  
  198  13:00  Marine  
  198  13:01  Marauder  
  198  13:04  Marine  
  198  13:05  Marauder  
  193  13:09  Marine  
  193  13:10  Marauder  
  193  13:12  Marine  
  196  13:13  Marine, Marauder  
  197  13:22  Marauder  
  197  13:23  Marine  
  197  13:26  Marauder  
  186  13:28  Marine  
  186  13:29  Planetary Fortress, Marine  
  186  13:30  Marauder  
  186  13:31  Marine  
  186  13:32  Marauder  
  186  13:33  Marine  
  184  13:34  Marauder  
  187  13:43  Marauder  
  187  13:44  Marine  
  187  13:48  Marauder  
  189  13:50  SCV, Marauder  
  189  13:51  Marauder  
  189  13:53  Marauder  
Tags
 
Add a new tag
Caveats
  • Supply blocks, unpowered buildings, or Contaminate may cause inaccurate times.
  • Supply counts are checked every 10 seconds.